 Dungeon Crawl Stone Soup version 0.19.4 (console) character file.

151761 Kloppie the Impregnable (level 17, -7/165 HPs)
             Began as a Minotaur Fighter on Feb 4, 2017.
             Was the Champion of Ru.
             Killed from afar by a ghostly deep elf annihilator (62 damage)
             ... with a crystal spear
             ... on level 3 of the Elven Halls.
             The game lasted 00:53:18 (22823 turns).

Kloppie the Impregnable (Minotaur Fighter)         Turns: 22823, Time: 00:53:18

Health: -7/165     AC: 36    Str: 30    XL:     17   Next: 1%
Magic:  13/16      EV: 11    Int:  1    God:    Ru [******]
Gold:   2203       SH: 17    Dex: 15    Spells: 0 memorised, 16 levels left

rFire  + . .     SeeInvis +     a - +4 broad axe
rCold  + . .     Gourm    .     n - +1 gold dragon scales
rNeg   + + +     Faith    .     K - +2 shield
rPois  +         Spirit   .     G - +1 hat
rElec  +         Reflect  .     k - +2 cloak {MR+}
rCorr  .         Harm     .     g - +1 pair of gloves {Str+3}
MR     ++++.                    D - +0 pair of boots "Vekut" {*Contam MR+ Dex+4 SInv}
Stlth  ..........               B - amulet "Kitir" {rPois rN++ Regen+ Int-2 Dex+4}
                                l - ring "Dearakko" {rElec rN+ MR+ Int-2 Slay+4}
                                F - +5 ring of protection

@: exhausted, about to teleport
A: retaliatory headbutt, horns 2, clumsy 2, slow regeneration 1, no stealth,
hated by all, no air magic, no hexes magic, no summoning magic, reduced AC 1,
disrupted magic 2, inexperienced 1
a: Draw Out Power, Power Leap, Apocalypse, Renounce Religion


You were on level 3 of the Elven Halls.
You worshipped Ru.
Ru was exalted by your worship.
You were not hungry.

You visited 5 branches of the dungeon, and saw 27 of its levels.
You also visited: Labyrinth and Sewer.

You collected 3309 gold pieces.
You spent 1106 gold pieces at shops.

Inventory:

Hand Weapons
 a - a +4 broad axe (weapon)
 b - a +1 war axe of flaming
Armour
 g - a +1 pair of gloves of strength (worn)
 k - a +2 cloak of magic resistance (worn)
 n - +1 gold dragon scales (worn)
 D - the +0 pair of boots "Vekut" (worn) {*Contam MR+ Dex+4 SInv}
   (You found it on level 2 of the Lair of Beasts)

   It affects your dexterity (+4).
   It affects your resistance to hostile enchantments.
   It lets you see invisible.
   It causes magical contamination when unequipped.
 G - a +1 hat (worn)
 K - a +2 shield (worn)
Jewellery
 l - the ring "Dearakko" (right hand) {rElec rN+ MR+ Int-2 Slay+4}
   (You took it off a minotaur in a labyrinth)

   [ring of protection from magic]

   It affects your intelligence (-2).
   It affects your accuracy and damage with ranged weapons and melee attacks
   (+4).
   It insulates you from electricity.
   It protects you from negative energy.
   It affects your resistance to hostile enchantments.
 q - the ring "Kump" {rCorr rN+ Dex+4}
   (You took it off a centaur warrior on level 11 of the Dungeon)

   [ring of resist corrosion]

   It affects your dexterity (+4).
   It protects you from negative energy.
 v - a +6 amulet of reflection
 B - the amulet "Kitir" (around neck) {rPois rN++ Regen+ Int-2 Dex+4}
   (You bought it in a shop on level 2 of the Orcish Mines)

   [amulet of regeneration]

   It affects your intelligence (-2).
   It affects your dexterity (+4).
   It protects you from poison.
   It greatly protects you from negative energy.
   It increases your rate of regeneration.
 F - a +5 ring of protection (left hand)
 Q - an uncursed ring of flight
 V - the ring "Hilis" {rC+ Int+3}
   (You found it in a labyrinth)

   [ring of protection from cold]

   It affects your intelligence (+3).
   It protects you from cold.
 Y - the ring of Understanding {rF+ rC+}
   (You found it in a labyrinth)

   [ring of protection from cold]

   It protects you from fire.
   It protects you from cold.
Wands
 c - a wand of iceblast (6/15)
 x - a wand of digging (15/24)
 y - a wand of heal wounds (6/9)
 I - a wand of polymorph (10/24)
 J - a wand of slowing (30/48)
 P - a wand of digging (10/24)
 T - a wand of teleportation (4/9)
 U - a wand of teleportation (5/9)
Scrolls
 e - 4 scrolls of recharging
 i - a scroll of amnesia
 j - 9 scrolls of remove curse
 m - 7 scrolls of identify
 o - 3 scrolls of blinking
 u - 3 scrolls of magic mapping
 w - 4 scrolls of fog
 E - 12 scrolls of teleportation
 N - 3 scrolls of silence
Potions
 d - 6 potions of heal wounds
 h - 6 potions of curing
 s - a potion of cancellation
 A - 3 potions of magic
 C - 6 potions of might
 H - 2 potions of invisibility
 L - a potion of agility
 M - a potion of resistance
 O - 2 potions of haste
Comestibles
 f - 17 bread rations
 p - 3 slices of pizza
 r - 4 meat rations
 t - 45 fruits
 z - 7 beef jerkies
 R - 7 chunks of flesh


   Skills:
 - Level 18.2 Fighting
 - Level 16.1 Axes
 - Level 21.0 Armour
 + Level 7.8 Dodging
 - Level 15.0 Shields


You had 16 spell levels left.
You didn't know any spells.

Dungeon Overview and Level Annotations

Branches:
Dungeon (15/15)            Temple (1/1) D:6            Lair (6/6) D:11
 Shoals (0/4) Lair:4       Spider (0/4) Lair:2        Slime (0/5) Lair:6
    Orc (2/2) D:9             Elf (3/3) Orc:2        Vaults (0/5) D:13
 Depths (0/5) D:15

Altars:
Ashenzari
Cheibriados
Dithmenos
Elyvilon
Fedhas
Gozag
Hepliaklqana
Makhleb
Nemelex Xobeh
Okawaru
Qazlal
Ru
Sif Muna
Trog
Uskayaw
Vehumet
Xom
Yredelemnul
Zin
The Shining One
Beogh
Jiyva

Shops:
D:6 ?*   D:10 *   D:12 !   Orc:2 [(*=

Annotations:
D:5 1 runed door
D:8 Prince Ribbit
D:14 3 runed doors
Elf:2 3 runed doors


Innate Abilities, Weirdness & Mutations

You reflexively headbutt those who attack you in melee.
You have a pair of horns on your head.
You are very clumsy. (Dex -4)
You regenerate slowly when monsters are visible.
You cannot be stealthy.
You are hated by all.
You cannot study or cast Air magic.
You cannot study or cast Hexes magic.
You cannot study or cast Summoning magic.
You take slightly more damage. (AC -3)
Your casting is disrupted.
You are somewhat inexperienced. (-2 XL)


Message History

You hit the deep elf death mage.
The small abomination hits you but does no damage.
The deep elf death mage hits you with a rapier.
* * * LOW HITPOINT WARNING * * *
The ghostly deep elf annihilator hits you but does no damage.
The deep elf death mage is stunned by your will and fails to attack.
You slash the deep elf death mage!
The deep elf death mage is almost dead.
You slash the deep elf death mage!
You kill the deep elf death mage!
Your life force feels restored.
You barely miss the small abomination.
You slice the ghostly deep elf annihilator!!
The small abomination hits you.
* * * LOW HITPOINT WARNING * * *
The deep elf death mage hits you with a rapier.
* * * LOW HITPOINT WARNING * * *
The ghostly deep elf annihilator casts a spell at you.
The crystal spear hits you!
You die...

#...#...#..#...#..
#...#...#..#...#..
##...#####..#...#..
............#...#..
............#...#..
###+###########'#####...#..
........................#..
..........ex............#..
.........e@.........)...#..
####..(ee###########...#..
###(## #...#.. #(# #...#..
#e# #...#.. #(# #...#.. #.#
#...#.. #2# #...#..


ee1 #...# You could see a deep elf annihilator, a ghostly deep elf annihilator,
2 deep elf death magi and a small abomination.

Vanquished Creatures
  The ghost of Steam the Eclecticist, an adept GrEE of Vehumet (Elf:3)
  Rupert (Lair:4)
  2 deep elf blademasters (Elf:3)
  An orc warlord (Orc:2)
  2 deep elf elementalists (Elf:3)
  2 deep elf annihilators
  4 deep elf demonologists
  3 deep elf death magi (Elf:3)
  A minotaur (Lab)
  2 fire dragons (D:13)
  A deep elf high priest (Elf:1)
  A rakshasa (D:15)
  Fannar (D:10)
  A catoblepas (Lair:6)
  2 vault guards (D:13)
  11 hydras
  A merfolk avatar (Lair:6)
  8 centaur warriors
  10 dancing weapons
  2 tengu warriors
  Urug (D:12)
  4 orc high priests
  Sonja (D:10)
  Nergalle (D:11)
  15 deep elf knights
  5 unseen horrors
  2 sea snakes (Lair:6)
  An unseen horror (shapeshifter) (D:15)
  2 wizards
  12 deep elf archers
  Pikel (D:5)
  2 hill giants (D:15)
  An orange crystal statue (D:14)
  2 necromancers (D:13)
  An orb spider (Lair:2)
  7 orc knights
  6 orc sorcerers
  A wolf spider (D:15)
  A manticore (D:13)
  26 ugly things
  5 cyclopes
  36 deep elf magi
  A salamander (D:15)
  Maurice (D:11)
  3 black mambas
  2 centaur zombies
  11 elephants
  Joseph (Lair:1)
  9 spiny frogs
  3 centaur skeletons
  2 gargoyles
  A yaktaur (shapeshifter) (Elf:1)
  10 rime drakes
  7 komodo dragons
  3 efreet
  A kobold demonologist (D:11)
  A freezing wraith (D:13)
  9 trolls
  A meliai (shapeshifter) (D:15)
  A two-headed ogre (D:13)
  2 wind drakes (Lair:6)
  3 hornets
  7 polar bears
  A slime creature (shapeshifter) (D:15)
  Grinder (D:3)
  4 blink frogs (Lair:4)
  13 slime creatures
  14 hippogriffs
  3 air elementals
  2 shadows
  A spriggan (Lair:3)
  2 vampires (D:13)
  4 wraiths
  Grum (D:8)
  11 wyverns
  A hungry ghost (D:12)
  6 basilisks
  3 fire elementals
  20 humans (D:13)
  3 fire bats (Orc:2)
  47 yaks
  2 mottled dragons
  9 wargs
  A hell hound (Lair:6)
  11 water moccasins
  12 porcupines
  2 slaves (D:5)
  32 orc warriors
  A sky beast (D:5)
  An eye of draining (shapeshifter) (Elf:2)
  An ice beast (D:15)
  6 phantoms
  3 black bears
  9 ogres
  23 centaurs
  21 wolves
  8 crocodiles
  3 big kobolds (D:10)
  17 bullfrogs
  3 earth elementals
  A gnoll sergeant (D:11)
  A wyvern zombie (D:14)
  7 scorpions
  5 killer bees (D:8)
  2 electric eels
  20 wights
  A howler monkey (D:4)
  4 crimson imps
  A bullfrog zombie (D:9)
  A quasit (D:14)
  5 hounds
  6 jellies
  22 orc priests
  3 iguanas
  22 orc wizards
  8 worker ants
  7 hell rats (Lair:2)
  A bullfrog simulacrum (D:11)
  2 hound skeletons
  3 worker ant zombies
  19 adders
  8 gnolls
  3 river rats (Sewer)
  2 shadow imps
  An ooze (Sewer)
  2 adder skeletons
  4 worms
  A dart slug (D:1)
  2 leopard geckos
  80 orcs
  5 giant cockroaches
  5 goblins
  7 hobgoblins
  7 jackals (D:9)
  3 quokkas
  14 ball pythons
  6 bats
  7 frilled lizards
  12 kobolds
  29 rats
  2 crawling corpses (Elf:1)
  4 fungi
  4 plants
920 creatures vanquished.

Vanquished Creatures (others)
  A deep elf master archer (Elf:3)
  A deep elf demonologist (Elf:3)
  A dancing weapon (Elf:2)
  An orc high priest (Orc:2)
  An unseen horror (D:13)
  A yak (D:13)
  A bullfrog (D:13)
  An ooze (D:5)
  2 orcs
  A giant cockroach (D:5)
  A fungus (Lair:3)
  6 plants (Lair:6)
18 creatures vanquished.

Grand Total: 938 creatures vanquished

Notes
Turn   | Place    | Note
-------+----------+-------------------------------------------
     0 | D:1      | Kloppie the Minotaur Fighter began the quest for the Orb.
     0 | D:1      | Reached XP level 1. HP: 19/19 MP: 0/0
    53 | D:1      | Found a snail-covered altar of Cheibriados.
   170 | D:1      | Reached XP level 2. HP: 23/27 MP: 1/1
   663 | D:2      | Reached XP level 3. HP: 30/35 MP: 2/2
   863 | D:2      | Reached skill level 5 in Fighting
   877 | D:2      | You fall through a shaft!
  1197 | D:3      | Found a blossoming altar of Fedhas.
  1225 | D:3      | Noticed Grinder
  1244 | D:3      | Killed Grinder
  1244 | D:3      | Reached XP level 4. HP: 28/45 MP: 3/3
  1244 | D:3      | Reached XP level 5. HP: 32/51 MP: 4/4
  1400 | D:3      | Found a hide-covered altar of Uskayaw.
  1428 | D:3      | Became a worshipper of Uskayaw the Reveler
  1480 | D:3      | Reached * piety under Uskayaw
  1482 | D:3      | Reached ** piety under Uskayaw
  1526 | D:3      | Reached XP level 6. HP: 60/60 MP: 5/5
  1927 | D:4      | Reached *** piety under Uskayaw
  1936 | D:4      | Reached **** piety under Uskayaw
  1937 | D:4      | Reached skill level 5 in Axes
  2269 | D:4      | Found a glowing drain.
  2278 | Sewer    | Entered a sewer
  2452 | Sewer    | Reached XP level 7. HP: 57/68 MP: 6/6
  2778 | D:5      | Entered Level 5 of the Dungeon
  2878 | D:5      | Found a basalt altar of Yredelemnul.
  2909 | D:5      | Noticed Pikel
  2922 | D:5      | Killed Pikel
  2922 | D:5      | Reached XP level 8. HP: 62/74 MP: 3/7
  3009 | D:5      | Reached skill level 10 in Axes
  3328 | D:5      | Found a runed door.
  3485 | D:6      | Found a staircase to the Ecumenical Temple.
  3704 | D:6      | Found Wumubayn's Elemental Accessories.
  3763 | D:6      | Found Meushroh's Magic Scroll Shop.
  3911 | D:6      | Found a blossoming altar of Fedhas.
  4300 | D:7      | Noticed a hippogriff
  4309 | D:7      | Killed a hippogriff
  4309 | D:7      | Reached XP level 9. HP: 75/81 MP: 8/8
  5051 | D:8      | Noticed Maurice
  5256 | D:8      | Found a hazy altar of Hepliaklqana.
  5323 | D:8      | Reached ***** piety under Uskayaw
  5466 | D:8      | Noticed Prince Ribbit
  5586 | D:8      | Noticed Grum
  5615 | D:8      | Killed Grum
  5823 | D:9      | Found a staircase to the Orcish Mines.
  5976 | D:9      | Reached XP level 10. HP: 85/88 MP: 9/9
  5987 | D:9      | Reached skill level 15 in Axes
  6246 | D:9      | Killed an unseen horror
  6399 | D:10     | Entered Level 10 of the Dungeon
  6416 | D:10     | Reached skill level 4 in Armour
  6440 | D:10     | Reached skill level 5 in Armour
  6458 | D:10     | Noticed Fannar
  6501 | D:10     | Killed Fannar
  6501 | D:10     | Reached skill level 7 in Armour
  6513 | D:10     | Noticed Sonja
  6529 | D:10     | Killed Sonja
  6529 | D:10     | Reached skill level 8 in Armour
  6727 | D:10     | Reached skill level 9 in Armour
  6727 | D:10     | Reached XP level 11. HP: 28/94 MP: 10/10
  6736 | D:10     | Killed an unseen horror
  6736 | D:10     | Reached ****** piety under Uskayaw
  7020 | D:10     | Found an opulent altar of Gozag.
  7022 | D:10     | Found Gozag's Platinum Reserve.
  7139 | D:10     | Reached skill level 10 in Armour
  7260 | Temple   | Entered the Ecumenical Temple
  7393 | Temple   | Fell from the grace of Uskayaw
  7393 | Temple   | Became a worshipper of Ru the Awakened
  7498 | D:11     | Noticed an orc knight
  7545 | D:11     | Found a staircase to the Lair.
  7615 | D:11     | Found a sacrificial altar of Ru.
  7666 | D:11     | Noticed a centaur warrior
  7672 | D:11     | Noticed a green ugly thing
  7674 | Lair:1   | Entered Level 1 of the Lair of Beasts
  7781 | Lair:1   | Noticed a four-headed hydra
  7790 | Lair:1   | Reached skill level 5 in Shields
  7795 | Lair:1   | Killed a one-headed hydra
  7884 | Lair:1   | Paralysed by the fury of Uskayaw for 3 turns
  7973 | Lair:1   | Noticed a seven-headed hydra
  7989 | Lair:1   | Killed a four-headed hydra
  8039 | Lair:1   | Noticed Joseph
  8052 | Lair:1   | Killed Joseph
  8131 | Lair:1   | Gained mutation: You cannot study or cast Air magic. [Ru sacrifice]
  8131 | Lair:1   | Gained mutation: You cannot study or cast Hexes magic. [Ru sacrifice]
  8131 | Lair:1   | Gained mutation: You cannot study or cast Summoning magic. [Ru sacrifice]
  8131 | Lair:1   | Reached * piety under Ru
  8712 | Lair:2   | Paralysed by the fury of Uskayaw for 6 turns
  8738 | Lair:2   | Got a pair of heavily runed boots
  8744 | Lair:2   | Identified the cursed +0 pair of boots "Vekut" {*Contam MR+ Dex+4 SInv} (You found it on level 2 of the Lair of Beasts)
  8786 | Lair:2   | Reached skill level 10 in Shields
  8912 | Lair:2   | Reached XP level 12. HP: 88/101 MP: 11/11
  9207 | Lair:2   | Found a hole to the Spider Nest.
  9823 | Lair:3   | Paralysed by the fury of Uskayaw for 3 turns
  9979 | Lair:3   | Gained mutation: You occasionally shout uncontrollably at your foes. [potion of mutation]
  9979 | Lair:3   | Gained mutation: Your system is resistant to poisons. (rPois) [potion of mutation]
  9979 | Lair:3   | Gained mutation: Your muscles are strong. (Str +2) [potion of mutation]
  9992 | Lair:3   | Gained mutation: You are somewhat inexperienced. (-2 XL) [Ru sacrifice]
  9992 | Lair:3   | Reached XP level 11. HP: 94/94 MP: 10/10
  9992 | Lair:3   | Reached XP level 10. HP: 88/88 MP: 9/9
  9992 | Lair:3   | Reached ** piety under Ru
 10039 | Lair:3   | Noticed a black mamba
 10048 | Lair:3   | Killed a black mamba
 10103 | Lair:3   | Noticed a spiny frog
 10116 | Lair:3   | Killed a spiny frog
 10172 | Lair:3   | Noticed a spiny frog
 10182 | Lair:3   | Killed a spiny frog
 10311 | Lair:3   | Paralysed by the fury of Uskayaw for 3 turns
 10326 | Lair:3   | Paralysed by the fury of Uskayaw for 6 turns
 10473 | Lair:4   | Noticed an elephant
 10473 | Lair:4   | Noticed an elephant
 10474 | Lair:4   | Noticed an elephant
 10474 | Lair:4   | Noticed an elephant
 10484 | Lair:4   | Killed an elephant
 10491 | Lair:4   | Killed an elephant
 10491 | Lair:4   | Reached XP level 11. HP: 84/94 MP: 10/10
 10532 | Lair:4   | Found a staircase to the Shoals.
 10597 | Lair:4   | Reached skill level 15 in Shields
 10969 | Lair:4   | Noticed Rupert
 10980 | Lair:4   | Killed Rupert
 11316 | Lair:5   | Reached skill level 10 in Fighting
 11573 | Lair:5   | Gained mutation: Your casting is slightly disrupted. [Ru sacrifice]
 11573 | Lair:5   | Reached *** piety under Ru
 11881 | Lair:5   | Reached XP level 12. HP: 108/108 MP: 11/11
 11992 | Lair:6   | Entered Level 6 of the Lair of Beasts
 12068 | Lair:6   | Found a viscous altar of Jiyva.
 12069 | Lair:6   | Found a staircase to the Slime Pits.
 12121 | Lair:6   | Noticed a seven-headed hydra
 12126 | Lair:6   | Noticed a four-headed hydra
 12140 | Lair:6   | Killed a one-headed hydra
 12140 | Lair:6   | Reached skill level 11 in Armour
 12143 | Lair:6   | Killed a one-headed hydra
 12176 | Lair:6   | Reached skill level 12 in Armour
 12320 | Lair:6   | Noticed a merfolk avatar
 12352 | Lair:6   | Killed a merfolk avatar
 12444 | Lair:6   | Noticed a five-headed hydra
 12455 | Lair:6   | Killed a one-headed hydra
 12487 | Lair:6   | Reached skill level 13 in Armour
 12560 | Lair:6   | Paralysed by the fury of Uskayaw for 4 turns
 12655 | Lair:6   | Reached XP level 13. HP: 90/117 MP: 12/12
 12712 | Lair:6   | Reached skill level 14 in Armour
 13317 | Lair:6   | Paralysed by the fury of Uskayaw for 2 turns
 13629 | D:11     | Reached skill level 15 in Armour
 13643 | D:11     | Killed Maurice
 13702 | D:11     | Got a steaming granite ring
 13714 | D:11     | Gained mutation: You are clumsy. (Dex -2) [Ru sacrifice]
 13833 | D:11     | Was forgiven by Uskayaw
 13866 | D:11     | Identified the ring "Kump" {rCorr rN+ Dex+4} (You took it off a centaur warrior on level 11 of the Dungeon)
 14258 | D:11     | Reached skill level 16 in Armour
 14391 | D:12     | Noticed Urug
 14403 | D:12     | Killed Urug
 14896 | D:12     | Found Worgh's Distillery.
 14954 | D:12     | Found a basalt altar of Yredelemnul.
 15063 | D:12     | Gained mutation: You cannot be stealthy. [Ru sacrifice]
 15063 | D:12     | Reached **** piety under Ru
 15551 | D:13     | Reached skill level 17 in Armour
 15567 | D:13     | Reached XP level 14. HP: 94/125 MP: 13/13
 16425 | D:13     | Reached skill level 18 in Armour
 16446 | D:13     | Found a gate to the Vaults.
 16697 | D:13     | Gained mutation: You are hated by all. [Ru sacrifice]
 16981 | D:14     | Identified Goiffie's Volume of Air
 17161 | D:14     | Found a runed door.
 17212 | D:14     | Reached skill level 19 in Armour
 17392 | D:14     | Lost mutation: Your muscles are strong. (Str +2) [potion of cure mutation]
 17392 | D:14     | Lost mutation: You occasionally shout uncontrollably at your foes. [potion of cure mutation]
 17392 | D:14     | Lost mutation: Your system is resistant to poisons. (rPois) [potion of cure mutation]
 17450 | D:14     | Found a runed door.
 17487 | D:14     | Found a glowing golden altar of the Shining One.
 17535 | D:14     | Found a runed door.
 17562 | D:14     | Found a runed door.
 17846 | D:14     | Got a warped golden ring
 17858 | D:14     | Identified the ring of Uluycima {rN+ MR+ Int+6 Dex+4 Stlth+} (You found it on level 14 of the Dungeon)
 17907 | D:15     | Entered Level 15 of the Dungeon
 18008 | D:15     | Reached skill level 20 in Armour
 18048 | D:15     | Reached XP level 15. HP: 54/132 MP: 14/14
 18113 | D:15     | Found a labyrinth entrance.
 18134 | Lab      | Entered a labyrinth
 18148 | Lab      | Gained mutation: You take slightly more damage. (AC -3) [Ru sacrifice]
 18148 | Lab      | Reached ***** piety under Ru
 18485 | Lab      | Got an ancient tin ring
 18488 | Lab      | Identified the ring "Dearakko" {rElec rN+ MR+ Int-2 Slay+4} (You took it off a minotaur in a labyrinth)
 18504 | Lab      | Identified The Intricacies of Theurgy
 18504 | Lab      | Identified the Almanac of Glory
 18504 | Lab      | Identified Gijokhlor's Collected Works on Supportive Changing
 18505 | Lab      | Got a flickering amber ring
 18507 | Lab      | Identified the ring "Hilis" {rC+ Int+3} (You found it in a labyrinth)
 18525 | Lab      | Got a serpentine lapis lazuli ring
 18528 | Lab      | Identified the ring of Understanding {rF+ rC+} (You found it in a labyrinth)
 18548 | Lab      | Got a warped scale mail
 18560 | Lab      | Identified the +0 scale mail of the Untouchables {Str+2 Int+3} (You found it in a labyrinth)
 18752 | D:15     | Reached skill level 21 in Armour
 18974 | D:15     | Found a staircase to the Depths.
 19206 | D:11     | Noticed Nergalle
 19212 | D:11     | Killed Nergalle
 19288 | Orc:1    | Entered Level 1 of the Orcish Mines
 19452 | Orc:1    | Found a roughly hewn altar of Beogh.
 19728 | Orc:2    | Entered Level 2 of the Orcish Mines
 19730 | Orc:2    | Noticed an orc warlord
 19752 | Orc:2    | Killed an orc warlord
 19767 | Orc:2    | Gained mutation: Your casting is disrupted. [Ru sacrifice]
 19811 | Orc:2    | Found Yrghupniphy's General Store.
 19838 | Orc:2    | Found Liuproc's Antique Armour Shop.
 19890 | Orc:2    | Found Beuddure's Jewellery Boutique.
 19927 | Orc:2    | Found a staircase to the Elven Halls.
 19929 | Orc:2    | Bought the amulet "Kitir" {rPois rN++ Regen+ Int-2 Dex+4} for 726 gold pieces
 20037 | Orc:2    | Bought a pair of runed gloves for 252 gold pieces
 20133 | Orc:2    | Found Allop's Antique Weapon Shop.
 20141 | Orc:2    | Bought a broad axe for 128 gold pieces
 20207 | Orc:2    | Found a roughly hewn altar of Beogh.
 20776 | Elf:1    | Entered Level 1 of the Elven Halls
 20940 | Elf:1    | Reached skill level 15 in Fighting
 21112 | Elf:1    | Gained mutation: You regenerate slowly when monsters are visible. [Ru sacrifice]
 21181 | Elf:1    | Reached XP level 16. HP: 142/149 MP: 15/15
 21207 | Elf:1    | Noticed a Tzitzimitl
 21214 | Elf:1    | Got a brightly glowing amber ring
 21264 | Elf:1    | Noticed an Ice Fiend
 21608 | Elf:1    | Identified the ring of Contentment {Int+2 Stlth+} (You took it off a deep elf archer on level 1 of the Elven Halls)
 21752 | Elf:2    | Found a runed gate.
 21752 | Elf:2    | Found a runed gate.
 21752 | Elf:2    | Found a runed gate.
 22252 | Elf:3    | Entered Level 3 of the Elven Halls
 22334 | Elf:3    | Noticed an Ice Fiend
 22464 | Elf:3    | Reached skill level 1 in Dodging
 22465 | Elf:3    | Noticed Steam's ghost (adept GrEE)
 22504 | Elf:3    | Killed Steam's ghost
 22763 | Elf:3    | Noticed a deep elf blademaster
 22764 | Elf:3    | Noticed a deep elf blademaster
 22774 | Elf:3    | Killed a deep elf blademaster
 22776 | Elf:3    | Reached skill level 5 in Dodging
 22777 | Elf:3    | Noticed a deep elf master archer
 22778 | Elf:3    | Killed a ghostly deep elf blademaster
 22779 | Elf:3    | Noticed a deep elf master archer
 22780 | Elf:3    | Noticed an Executioner
 22796 | Elf:3    | Killed a deep elf blademaster
 22798 | Elf:3    | Gained mutation: You are very clumsy. (Dex -4) [Ru sacrifice]
 22798 | Elf:3    | Reached ****** piety under Ru
 22813 | Elf:3    | Killed a deep elf master archer
 22821 | Elf:3    | Reached XP level 17. HP: 66/165 MP: 12/16
 22823 | Elf:3    | Killed from afar by a ghostly deep elf annihilator

Skill      XL: |  1  2  3  4  5  6  7  8  9 10 11 12 13 14 15 16 |
---------------+-------------------------------------------------+-----
Fighting       | 4 6 7 8 10 11 15 18 | 18.2
Axes           | 4 5 9 12 14 16 | 16.1
Armour         | 9 10 13 17 20 21 | 21.0
Shields        | 14 15 13 | 15.0
Dodging        | 7 |  7.8

Action                   |  1- 3 |  4- 6 |  7- 9 | 10-12 | 13-15 | 16-18 || total
-------------------------+-------+-------+-------+-------+-------+-------++-------
Melee: War axe           |   110 |   134 |   324 |   894 |  1172 |       ||  2634
       Headbutt          |    14 |    19 |    59 |   249 |   377 |    85 ||   803
       Hand axe          |       |       |       |    41 |    22 |       ||    63
       Broad axe         |       |       |       |       |   114 |   258 ||   372
Invok: Stomp             |       |       |     3 |       |       |       ||     3
       Line Pass         |       |       |     2 |       |       |       ||     2
       Sacrifice Experie |       |       |       |     1 |       |       ||     1
       Sacrifice Essence |       |       |       |     1 |     1 |       ||     2
       Sacrifice Arcana  |       |       |       |     1 |       |       ||     1
       Draw Out Power    |       |       |       |     1 |     2 |     1 ||     4
       Sacrifice Purity  |       |       |       |       |     2 |     1 ||     3
       Sacrifice Stealth |       |       |       |       |     1 |       ||     1
       Sacrifice Love    |       |       |       |       |     1 |       ||     1
       Sacrifice Health  |       |       |       |       |     1 |       ||     1
       Apocalypse        |       |       |       |       |       |     2 ||     2
Evoke: Wand              |       |       |       |     2 |       |       ||     2
  Use: Potion            |     1 |       |    12 |     7 |     2 |     1 ||    23
       Scroll            |       |       |    14 |     4 |    22 |     3 ||    43
 Stab: Paralysed         |       |     3 |    13 |    11 |       |     4 ||    31
       Petrified         |       |       |       |     8 |     2 |       ||    10
       Invisible         |       |       |       |       |     4 |     7 ||    11
       Distracted        |       |       |       |       |     2 |     1 ||     3
  Eat: Chunk             |     1 |     5 |     8 |    20 |    26 |     6 ||    66
       Bread ration      |       |       |     1 |       |       |       ||     1
       Royal jelly       |       |       |       |     1 |       |       ||     1
       Meat ration       |       |       |       |       |     1 |       ||     1
Armor: Scale mail        |    47 |       |       |       |       |       ||    47
       Chain mail        |     1 |    84 |   151 |   381 |    90 |       ||   707
       Skin              |       |       |       |    27 |       |       ||    27
       Plate armour      |       |       |       |       |   283 |       ||   283
       Gold dragon scale |       |       |       |       |   148 |   113 ||   261
Dodge: Dodged            |    32 |    27 |    52 |   198 |   192 |    41 ||   542
Block: Shield            |    50 |    66 |   175 |   543 |   776 |   130 ||  1740
